 Dungeon Crawl Stone Soup version 0.23.0 (webtiles) character file.

Game seed: 10122605153652868277

273 Borgoz the Cutter (level 6, -2/39 HPs)
             Began as a Kobold Monk on Feb 17, 2019.
             Slain by a scorpion (4 damage)
             ... on level 6 of the Dungeon.
             The game lasted 00:11:15 (7940 turns).

Borgoz the Cutter (Kobold Monk)                     Turns: 7940, Time: 00:11:16

Health: -2/39      AC:  5    Str:  9    XL:     6   Next: 48%
Magic:  6/6        EV: 15    Int: 11    God:
Gold:   211        SH:  0    Dex: 19    Spells: 5/5 levels left

rFire    + . .     SeeInvis .   e - +0 dagger
rCold    + . .     Gourm    .   (shield restricted)
rNeg     . . .     Faith    .   l - +0 ring mail
rPois    .         Spirit   .   (no helmet)
rElec    .         Reflect  .   p - scarf {rC+ rF+}
rCorr    .         Harm     .   (no gloves)
MR       .....                  (no boots)
Stlth    ++........             n - amulet of magic regeneration
HPRegen  0.13/turn              (no ring)
MPRegen  0.35/turn              (no ring)

@: lethally poisoned (-2 -> -11)
A: small, carnivore
a: no special abilities


You were on level 6 of the Dungeon.
You were full.

You visited 2 branches of the dungeon, and saw 7 of its levels.

You collected 211 gold pieces.

Inventory:

Hand Weapons
 e - a +0 dagger (weapon)
Missiles
 a - 13 poisoned needles
 f - 5 tomahawks (quivered)
Armour
 l - a +0 ring mail (worn)
 p - a scarf of resistance (worn)
Jewellery
 n - an amulet of magic regeneration (around neck)
Comestibles
 c - 8 rations


   Skills:
 * Level 4.7 Fighting
 * Level 5.7 Short Blades
 + Level 1.4 Armour
 * Level 5.1 Dodging
 + Level 3.9 Stealth


You had 5 spell levels left.
You didn't know any spells.
Your spell library was empty.

Dungeon Overview and Level Annotations

Branches:
Dungeon (6/15)             Temple (1/1) D:5

Altars:
Hepliaklqana
Kikubaaqudgha
Makhleb
Nemelex Xobeh
Okawaru
Qazlal
Sif Muna
Uskayaw
Vehumet
Yredelemnul
Zin


Innate Abilities, Weirdness & Mutations

You are small and have problems with some larger weapons.
You are carnivorous and can eat meat at any time.


Message History

You feel sick. The scorpion misses you.
You hit the scorpion but do no damage.
The scorpion is severely wounded.
The scorpion stings you.
* * * LOW HITPOINT WARNING * * *
You are lethally poisoned!
The scorpion poisons you!
You completely miss the scorpion.
The scorpion is severely wounded.
* * * LOW HITPOINT WARNING * * *
You feel sick.
You closely miss the scorpion.
The scorpion is severely wounded.
The scorpion stings you.
* * * LOW HITPOINT WARNING * * *
You hit the scorpion.
The scorpion is severely wounded.
* * * LOW HITPOINT WARNING * * *
You feel sick. The scorpion stings you.
You die...

#a............#
#.............#
......#+#######'#.....
......#..#......# ....
......#..#......# ...
......#..##+#####
..... #..##..# ....
#..##..#
#######....@.#
#...........s#
#....##..##<.#
#....#########
+........# .
##+#####..# ...
#+##....l.####....
...................
...................


You could see a scorpion.

Vanquished Creatures
  An orc wizard (D:3)
  3 worker ants
  A howler monkey zombie (D:5)
  9 adders
  2 worms
  An adder skeleton (D:4)
  A dart slug (D:4)
  3 leopard geckos
  9 orcs
  2 ball pythons
  4 bats (D:1)
  A giant cockroach (D:1)
  9 goblins
  3 hobgoblins
  2 quokkas (D:4)
  5 frilled lizards
  7 kobolds
  6 rats
69 creatures vanquished.

Notes
Turn   | Place    | Note
-------+----------+-------------------------------------------
     0 | D:1      | Borgoz the Kobold Monk began the quest for the Orb.
     0 | D:1      | Reached XP level 1. HP: 14/14 MP: 1/1
   101 | D:1      | You fall through a shaft!
   514 | D:2      | Reached XP level 2. HP: 19/19 MP: 2/2
  1307 | D:1      | Reached XP level 3. HP: 15/23 MP: 3/3
  2361 | D:2      | Reached XP level 4. HP: 11/29 MP: 4/4
  4391 | D:3      | Noticed a fire elemental
  4397 | D:3      | Found a stormy altar of Qazlal.
  4400 | D:3      | Noticed an air elemental
  4400 | D:3      | Noticed an earth elemental
  4400 | D:3      | Noticed a water elemental
  4486 | D:3      | Reached skill level 5 in Short Blades
  4486 | D:3      | Reached skill level 1 in Armour
  4486 | D:3      | Reached XP level 5. HP: 33/33 MP: 5/5
  5381 | D:4      | Noticed a phantom
  5754 | D:5      | Entered Level 5 of the Dungeon
  5785 | D:4      | Reached XP level 6. HP: 9/39 MP: 6/6
  5791 | D:4      | HP: 1/39 [poisoned by a worker ant]
  6167 | D:4      | Reached skill level 5 in Dodging
  6835 | D:5      | Noticed a sky beast
  7189 | D:5      | Found a staircase to the Ecumenical Temple.
  7195 | Temple   | Entered the Ecumenical Temple
  7940 | D:6      | Slain by a scorpion

Skill      XL: |  1  2  3  4  5  6 |
---------------+-------------------+-----
Stealth        | 3 |  3.9
Dodging        | 4 5 |  5.1
Fighting       | 4 |  4.7
Short Blades   | 5 |  5.7
Armour         | 1 |  1.4

Action                   |  1- 3 |  4- 6 || total
-------------------------+-------+-------++-------
Melee: Short sword       |    48 |       ||    48
       Dagger            |   128 |   744 ||   872
  Use: Potion            |     1 |     6 ||     7
       Scroll            |       |    11 ||    11
 Stab: Sleeping          |     4 |     7 ||    11
  Eat: Chunk             |    11 |    16 ||    27
Armor: Robe              |    23 |     2 ||    25
       Ring mail         |       |   101 ||   101
       Skin              |       |    16 ||    16
Dodge: Dodged            |   149 |   329 ||   478
